 Dungeon Crawl Stone Soup version 0.31-a0-83-gbff143cfd1 (webtiles) character file.

Game seed: 4545478735120739672

1492 ders the Geomancer (level 8, -2/41 HPs)
             Began as a Gargoyle Earth Elementalist on May 24, 2023.
             Was a Follower of Vehumet.
             Engulfed by a cloud of steam (7 damage)
             ... on level 7 of the Dungeon.
             The game lasted 00:08:17 (5764 turns).

ders the Geomancer (Gargoyle Earth Elementalist)    Turns: 5764, Time: 00:08:18

Health: -2/41      AC:  8    Str: 11    XL:     8   Next: 80%
Magic:  11/17      EV: 11    Int: 19    God:    Vehumet [*.....]
Gold:   254        SH:  0    Dex: 10    Spells: 15/19 levels left

rFire   . . .        (no weapon)
rCold   . . .        (no shield)
rNeg    + . .        a - +0 robe
rPois   ∞            (no helmet)
rElec   +            (no cloak)
rCorr   .            (no gloves)
SInv    .            p - +0 pair of boots
Will    +....        (no amulet)
Stlth   ++           o - ring of willpower
HPRegen 0.26/turn    (no ring)
MPRegen 0.15/turn

%: no passive effects
@: no status effects
A: sickness immunity, AC +5, negative energy resistance 1, electricity
resistance, torment resistance 1, petrification resistance
a: Renounce Religion


You were on level 7 of the Dungeon.
You worshipped Vehumet.
Vehumet was aware of your devotion.
You visited 1 branch of the dungeon, and saw 8 of its levels.

You collected 379 gold pieces.
You spent 125 gold pieces at shops.

Inventory:

Hand Weapons
 d - a +0 dagger
 i - a +1 morningstar of protection
Armour
 a - a +0 robe (worn)
 p - a +0 pair of boots (worn)
 y - the +0 ring mail of Koblemp {rElec rF+}
   (You found it on level 5 of the Dungeon)

   rF:        It protects you from fire.
   rElec:     It insulates you from electricity.
Jewellery
 f - an amulet of guardian spirit
 o - a ring of willpower (left hand)
 z - a ring of fire
Wands
 r - a wand of digging (5)
 w - a wand of mindburst (11)
Scrolls
 b - 7 scrolls of identify
 c - 2 scrolls of enchant weapon {unknown}
 j - 2 scrolls of teleportation
 n - a scroll of noise {unknown}
 s - 2 scrolls of brand weapon {unknown}
 t - a scroll of poison {unknown}
 u - 5 scrolls of fear {unknown}
 x - a scroll of vulnerability {unknown}
Potions
 e - a potion of cancellation {unknown}
 g - a potion of lignification {unknown}
 h - a potion of brilliance {unknown}
 k - 3 potions of might {unknown}
 l - 2 potions of curing {unknown}
 m - 2 potions of invisibility {unknown}
 q - a potion of heal wounds {unknown}
 v - a potion of resistance {unknown}


   Skills:
 - Level 1.5 Dodging
 - Level 2.1 Stealth
 + Level 6.0 Spellcasting
 * Level 6.3 Conjurations
 - Level 0.7 Transmutations
 + Level 8.3 Earth Magic


You had 15 spell levels left.
You knew the following spells:

 Your Spells              Type           Power      Damage    Failure   Level
a - Sandblast             Erth           74%        2d16      1%          1
b - Stone Arrow           Conj/Erth      60%        3d10      2%          3

Your spell library contained the following spells:

 Spells                   Type           Power      Damage    Failure   Level
 Shock                    Conj/Air       56%        1d6       4%          1
 Passwall                 Tmut/Erth      16%        N/A       3%          2
 Slow                     Hex            20%        N/A       11%         1
 Petrify                  Tmut/Erth      20%        N/A       24%         4
 Confusing Touch          Hex            5%         N/A       32%         3
 Ozocubu's Armour         Ice            5%         N/A       32%         3
 Vampiric Draining        Necr           5%         2d6       32%         3
 Passage of Golubria      Tloc           5%         N/A       73%         4
 Silence                  Hex/Air        1%         N/A       99%         5
 Ozocubu's Refrigeration  Ice            2%         4d8       100%        7
 Lehudib's Crystal Spear  Conj/Erth      15%        10d5      100%        8


Dungeon Overview and Level Annotations

Branches:
Dungeon (8/15)             Temple (0/1) D:6
   Lair: D:8-11

Altars:
Elyvilon
Gozag
Nemelex Xobeh
Ru
Vehumet
Wu Jian
Xom

Shops:
D:4 ?


Innate Abilities, Weirdness & Mutations

You are immune to sickness and miasma.
Your stone body is resilient. (AC +5)
You are immune to poison.
You resist negative energy. (rN+)
You are resistant to electric shocks. (rElec)
You are resistant to unholy torment.
You are immune to petrification.


Message History

The steam dragon misses you. The steam dragon claws you.
Casting: Sandblast (safe; 1% risk of failure)
Confirm with . or Enter, or press ? or * to list all spells.
Aiming: Stone Arrow (dangerous; 2% risk of failure)
Press: ? - help, Shift-Dir - straight line, f - steam dragon
Aim: a steam dragon (catching its breath, 74% to hit)
The stone arrow hits the steam dragon!
The steam dragon is heavily wounded.
The steam dragon bites you! The steam dragon closely misses you.
Unknown command.
Your +1 morningstar of protection goes still.
You are now empty-handed.
The steam dragon breathes steam at you. The ball of steam hits you!!
* * * LOW HITPOINT WARNING * * *
Unknown command.
Casting: Stone Arrow (dangerous; 2% risk of failure)
Confirm with . or Enter, or press ? or * to list all spells.
Aiming: Stone Arrow (dangerous; 2% risk of failure)
Press: ? - help, Shift-Dir - straight line, f/p - steam dragon
Aim: a steam dragon (heavily wounded, catching its breath, 74% to hit)
The stone arrow hits the steam dragon!
The steam dragon is almost dead.
You are engulfed in a cloud of scalding steam.
* * * LOW HITPOINT WARNING * * *
The steam dragon closely misses you. The steam dragon claws you.
* * * LOW HITPOINT WARNING * * *
Unknown command.
Okay, then.
Okay, then.
Unknown command.
Aiming: Mindburst
Press: ? - help, Shift-Dir - straight line, f/p - steam dragon
Aim: a steam dragon (almost dead, chance to affect: 64%)
The steam dragon's mind is blasted!!
You blow up the steam dragon!
Vehumet accepts your kill.
The steam dragon scales are intact enough to wear.
You are engulfed in a cloud of scalding steam.
You die...

####....# ^#.#W #..
#....##§#.#^##..
###).#F^#.#§.#.. ##+#
#..## #.# ##.# ##...#
#..# #^# #.# #.....#
#..####+####.# .......##
#.)...#?#....#
.......§###.....###.####
...(..[@§§..............
......§§##.#....########
.......###....#.#
#.....# ##.....# ##...#
.##### ##+# .# .# .#


There were no monsters in sight!

Vanquished Creatures
  A steam dragon (D:7)
  A water moccasin (D:7)
  A black bear (D:4)
  A sky beast (D:6)
  3 ogres
  A phantom (D:5)
  A kobold brigand (D:7)
  A scorpion (D:6)
  A wight (D:7)
  2 gnoll boudas
  2 hounds
  2 jellies (D:6)
  A sleepcap (D:7)
  3 iguanas
  3 adders
  9 gnolls
  A shadow imp (D:6)
  2 ufetubi
  A worm (D:3)
  4 dart slugs
  8 orcs
  4 bats
  6 endoplasms
  2 giant cockroaches
  5 goblins
  8 hobgoblins
  6 quokkas
  3 ball pythons
  4 frilled lizards
  4 kobolds
  3 rats (D:1)
94 creatures vanquished.

Vanquished Creatures (others)
  5 dream sheep (D:6)
5 creatures vanquished.

Grand Total: 99 creatures vanquished

Notes
Turn   | Place    | Note
-------+----------+-------------------------------------------
     0 | D:1      | ders the Gargoyle Earth Elementalist began the quest for
                  | the Orb.
     0 | D:1      | Reached XP level 1. HP: 10/10 MP: 3/3
   106 | D:1      | Reached XP level 2. HP: 9/15 MP: 3/5
   107 | D:1      | Reached skill level 4 in Earth Magic
   349 | D:1      | Reached XP level 3. HP: 12/19 MP: 0/6
   860 | D:2      | Noticed an ogre
   873 | D:2      | Killed an ogre
   874 | D:2      | Reached skill level 5 in Earth Magic
   874 | D:2      | Reached XP level 4. HP: 10/24 MP: 2/9
  1125 | D:2      | Reached XP level 5. HP: 27/28 MP: 6/10
  1775 | D:3      | Found a sparkling altar of Nemelex Xobeh.
  1777 | D:3      | Found a sacrificial altar of Ru.
  1781 | D:3      | Found an ornate altar of the Wu Jian Council.
  2521 | D:4      | Found a radiant altar of Vehumet.
  2530 | D:4      | Became a worshipper of Vehumet
  2565 | D:4      | Found an opulent altar of Gozag.
  2639 | D:4      | Found Dyvi's Magic Scroll Shop.
  2663 | D:4      | Bought a scroll of blinking for 75 gold pieces
  2663 | D:4      | Bought a scroll of teleportation for 30 gold pieces
  2663 | D:4      | Bought a scroll of identify for 20 gold pieces
  2964 | D:4      | Reached skill level 6 in Earth Magic
  2964 | D:4      | Reached XP level 6. HP: 32/32 MP: 7/12
  3029 | D:4      | Noticed a black bear
  3035 | D:4      | Killed a black bear
  3144 | D:4      | Learned a level 3 spell: Stone Arrow
  3278 | D:5      | Entered Level 5 of the Dungeon
  3491 | D:5      | Reached skill level 1 in Conjurations
  3696 | D:5      | Reached XP level 7. HP: 11/36 MP: 4/14
  3820 | D:5      | You fall into a shaft and drop 3 floors!
  3850 | D:8      | Identified the +3 short sword "String" {heavy, rC+ Str+2
                  | Int+3}
  3937 | D:7      | Reached skill level 7 in Earth Magic
  4049 | D:6      | Reached skill level 5 in Spellcasting
  4486 | D:5      | Reached * piety under Vehumet
  4486 | D:5      | Offered knowledge of Shock by Vehumet.
  4487 | D:5      | Reached XP level 8. HP: 41/41 MP: 2/16
  4893 | D:5      | Identified the +0 ring mail of Koblemp {rElec rF+}
  4987 | D:6      | Reached skill level 5 in Conjurations
  5090 | D:6      | Noticed a dream sheep
  5090 | D:6      | Noticed a dream sheep
  5090 | D:6      | Noticed a dream sheep
  5090 | D:6      | Noticed a dream sheep
  5090 | D:6      | Noticed a dream sheep
  5090 | D:6      | Found a shimmering altar of Xom.
  5091 | D:6      | Killed a dream sheep
  5093 | D:6      | Killed a dream sheep
  5094 | D:6      | Reached skill level 8 in Earth Magic
  5096 | D:6      | Killed a dream sheep
  5096 | D:6      | Killed a dream sheep
  5096 | D:6      | Killed a dream sheep
  5271 | D:6      | Found a staircase to the Ecumenical Temple.
  5478 | D:7      | Found a white marble altar of Elyvilon.
  5764 | D:7      | Engulfed by a cloud of steam

Illustrated notes

Levels and vault maps discovered:
D:1:      shiori_arrival_oz, layout_rooms, st_stairs_10, feat_on_display
D:2:      layout_loops_ring, serial_bayou_lagoon_a
D:3:      layout_basic, grunt_temple_overflow_open
D:4:      kennysheep_spiral_hall, layout_layer_cave,
          mainiacjoe_overflow_catch_the_wave, serial_shops,
          nicolae_shop_tiny_waterfront
D:5:      layout_gridville, minmay_misc_feat_doors
D:6:      layout_cave_pools, kb_xom_exploding_sheep,
          minmay_temple_entry_enclosed_plants
D:7:      layout_loops_corners, elyvilon_altar_5, grunt_tough_drop
D:8:      layout_loops_corners, mainiacjoe_overflow_surrounded_room,
          due_lair_maze_entry_diamond, uniq_amaemon, uniq_psyche

Skill      XL: |  1  2  3  4  5  6  7  8 |
---------------+-------------------------+-----
Earth Magic    | 4 5 6 7 8 |  8.3
Spellcasting   | 3 4 5 6 |  6.0
Conjurations   | 1 4 6 |  6.3
Dodging        | |  1.5
Stealth        | |  2.1
Transmutations | |  0.7

Action                     |  1- 3 |  4- 6 |  7- 9 || total
---------------------------+-------+-------+-------++-------
  Melee: Dagger            |     9 |       |       ||     9
         Morningstar       |       |     1 |     1 ||     2
   Cast: Sandblast         |    35 |    70 |     8 ||   113
         Stone Arrow       |       |     2 |    41 ||    43
  Evoke: Wand              |       |       |     7 ||     7
    Use: Potion            |     1 |       |       ||     1
         Scroll            |       |     2 |     1 ||     3
 Armour: Robe              |     4 |    13 |     5 ||    22
  Dodge: Dodged            |    22 |    18 |    15 ||    55

Table legend: (Time is in decaauts)
 A = Elapsed time spent in this place.
 B = Non-inter-level travel time spent in this place.
 C = Inter-level travel time spent in this place.
 D = Time resting spent in this place.
 E = Time spent auto-exploring this place.
 F = Levels seen in this place.
 G = Mean time per level.
                   A        B        C        D        E       F      G
               +--------+--------+--------+--------+--------+-----+--------+
         Total |   5827 |   5496 |    331 |    424 |   4496 |   8 |  728.4 |
       Dungeon |   5827 |   5496 |    331 |    424 |   4496 |   8 |  728.4 |
               +--------+--------+--------+--------+--------+-----+--------+

Top non-repeatable levels by time:
     D:5: 1032 daAuts
     D:6: 934 daAuts
     D:4: 928 daAuts
     D:2: 910 daAuts
     D:3: 770 daAuts
     D:1: 725 daAuts
     D:7: 491 daAuts
     D:8: 34 daAuts
